 Dungeon Crawl Stone Soup version 0.31-a0-246-g8cbcc1cb85 (webtiles) character file.

Game seed: 12990437489065141775

81 qw the Shooter (level 4, -4/36 HPs)
             Began as a Minotaur Hexslinger on July 12, 2023.
             Slain by an ogre
             ... wielding a +0 giant club
              (31 damage)
             ... on level 4 of the Dungeon.
             The game lasted 00:00:46 (2214 turns).

qw the Shooter (Minotaur Hexslinger)                Turns: 2214, Time: 00:00:47

Health: -4/36      AC:  5    Str: 13    XL:     4   Next: 20%
Magic:  4/4        EV: 11    Int: 10    God:
Gold:   127        SH:  0    Dex: 14    Spells: 4/5 levels left

rFire   . . .        Y - +2 sling (freeze)
rCold   . . .        (no shield)
rNeg    . . .        g - +0 ring mail
rPois   +            (helmet restricted)
rElec   .            (no cloak)
rCorr   +            (no gloves)
SInv    .            (no boots)
Will    .....        (no amulet)
Stlth   +            a - ring of poison resistance
HPRegen 0.26/turn    h - ring of resist corrosion
MPRegen 0.09/turn

%: no passive effects
@: no status effects
A: horns 2, retaliatory headbutt
a: no special abilities


You were on level 4 of the Dungeon.
You visited 1 branch of the dungeon, and saw 4 of its levels.

You collected 127 gold pieces.


Innate Abilities, Weirdness & Mutations

You have a pair of horns on your head.
You reflexively headbutt those who attack you in melee.


   Skills:
 - Level 2.1 Fighting
 + Level 4.5 Ranged Weapons
 - Level 1.1 Armour
 - Level 2.1 Dodging
 - Level 1.0 Spellcasting
 - Level 2.0 Hexes


You had 4 spell levels left.
You knew the following spells:

 Your Spells              Type           Power      Damage    Failure   Level
a - Slow                  Hex            16%        N/A       32%         1

Your spell library contained the following spells:

 Spells                   Type           Power      Damage    Failure   Level
 Inner Flame              Hex/Fire       2%         N/A       82%         3
 Portal Projectile        Hex/Tloc       4%         N/A       82%         3
 Cause Fear               Hex            2%         N/A       97%         4

Inventory:

Hand Weapons
 Y - a +2 sling of freezing (weapon)
Armour
 g - a +0 ring mail (worn)
Jewellery
 a - a ring of poison resistance (left hand)
 h - a ring of resist corrosion (right hand)
Scrolls
 i - a scroll of identify
Potions
 b - a potion of might {unknown}
 c - a potion of brilliance {unknown}
 d - a potion of heal wounds
 e - a potion of attraction {unknown}
 f - a potion of ambrosia {unknown}

Dungeon Overview and Level Annotations

Branches:
Dungeon (4/15)
 Temple: D:4-7

Altars:
Ashenzari

Shops:
D:2 =


Message History

There is a stone staircase leading up here.
You see here 6 stones.
There is a stone staircase leading down here.
You climb downwards.
Found a scroll of identify.
There is a stone staircase leading up here.
Waypoint 3 assigned to D:4.
i - a scroll of identify A kobold and an ogre come into view.
Found an escape hatch in the ceiling.
The ogre shouts!
You shoot a sling bullet.
The sling bullet barely misses the ogre.
You shoot a sling bullet.
The sling bullet closely misses the kobold.
You shoot a sling bullet.
The sling bullet barely misses the ogre.
You shoot a sling bullet. The sling bullet hits the ogre.
The sling bullet freezes the ogre.
The ogre is lightly wounded.
You shoot a sling bullet.
The sling bullet barely misses the ogre.
The ogre hits you with a +0 giant club! The kobold hits you but does no damage.
You shoot a sling bullet. The sling bullet hits the ogre.
The sling bullet freezes the ogre.
The ogre is lightly wounded.
The kobold hits you but does no damage. The ogre barely misses you.
You shoot a sling bullet. The sling bullet hits the ogre.
The sling bullet freezes the ogre.
The ogre is heavily wounded.
The kobold hits you with a +0 club. The kobold barely misses you.
You furiously retaliate!
You headbutt the kobold!
You kill the kobold!
The ogre barely misses you.
You shoot a sling bullet. The sling bullet hits the ogre!
The sling bullet freezes the ogre.
The ogre is almost dead.
The ogre hits you with a +0 giant club!!
Ouch! That really hurt!
You die...

### ###.## ### .
#....###.##### ..
#....##...##.### ... ##
##........#..... ....#.#
#........#.....
.......###....<.........
......).##..............
#..O@#...............
#..#.................
.... ###...............
.... #................
<.. #.#####...#####...
.. ..# ##.## ##.# . #.
### ### .


You could see an ogre.

Vanquished Creatures
  2 adders (D:3)
  A worm (D:3)
  A dart slug (D:1)
  An orc (D:3)
  4 ball pythons
  8 endoplasms
  2 giant cockroaches
  4 goblins
  6 hobgoblins
  5 kobolds
  4 quokkas
  4 bats
  4 frilled lizards
  4 rats
50 creatures vanquished.

Notes
Turn   | Place    | Note
-------+----------+-------------------------------------------
     0 | D:1      | qw the Minotaur Hexslinger began the quest for the Orb.
     0 | D:1      | Reached XP level 1. HP: 16/16 MP: 1/1
     0 | D:1      | 0 ||| qw: Version: 0.3-a-52-g30416fa
     0 | D:1      | 0 ||| qw: Game counter: 6485
     0 | D:1      | 0 ||| qw: Melee chars always use a shield: true
     0 | D:1      | 0 ||| qw: God list: Okawaru
     0 | D:1      | 0 ||| qw: Allow faded altars: false
     0 | D:1      | 0 ||| qw: Do Orc after clearing Dungeon:15 true
     0 | D:1      | 0 ||| qw: Do second Lair branch before Depths: true
     0 | D:1      | 0 ||| qw: Lair rune preference: random
     0 | D:1      | 0 ||| qw: Goals: Normal
     0 | D:1      | 0 ||| PLANNING D:1-11
    78 | D:1      | Reached skill level 3 in Ranged Weapons
   112 | D:1      | Reached XP level 2. HP: 23/23 MP: 2/2
   305 | D:1      | 305 ||| FLEEEEING.
   306 | D:1      | 306 ||| FLEEEEING.
   310 | D:1      | 310 ||| FLEEEEING.
   311 | D:1      | 311 ||| FLEEEEING.
   636 | D:1      | 636 ||| UPGRADING to +0 ring mail.
   646 | D:1      | 646 ||| DROPPING +0 robe.
   647 | D:1      | 647 ||| READING scroll labelled QIHETE FIRISUSU.
   648 | D:1      | 648 ||| READING scroll labelled KOONAO JITZO.
   649 | D:1      | 649 ||| READING scroll labelled CODEWKUJUS.
   650 | D:1      | 650 ||| DROPPING scroll of poison.
   664 | D:2      | Found Xifink's Jewellery Shoppe.
   672 | D:2      | 672 ||| SHOPLISTING +6 ring of strength (504 gold, have
                  | 37).
   672 | D:2      | 672 ||| SHOPLISTING amulet of the acrobat (420 gold, have
                  | 37).
   672 | D:2      | 672 ||| SHOPLISTING ring of fire (350 gold, have 37).
   672 | D:2      | 672 ||| SHOPLISTING ring of protection from fire (350 gold,
                  | have 37).
   672 | D:2      | 672 ||| SHOPLISTING ring of resist corrosion (280 gold,
                  | have 37).
   847 | D:2      | Reached XP level 3. HP: 29/29 MP: 3/3
   886 | D:2      | You fall into a shaft and drop 1 floor!
   912 | D:3      | HP: 7/29 [hobgoblin (2)]
   913 | D:3      | Reached skill level 4 in Ranged Weapons
  1061 | D:3      | Reached skill level 1 in Armour
  1306 | D:3      | 1306 ||| DROPPING amulet of magic regeneration.
  1307 | D:3      | 1307 ||| UPGRADING to ring of poison resistance.
  1308 | D:3      | 1308 ||| READING scroll labelled CABBUPAATS.
  1542 | D:2      | Reached XP level 4. HP: 36/36 MP: 4/4
  1717 | D:2      | Found a broken altar of Ashenzari.
  1757 | D:2      | 1757 ||| DRINKING 2 brown potions.
  2017 | D:3      | Found a faded altar of an unknown god.
  2124 | D:3      | 2124 ||| UPGRADING to ring of resist corrosion.
  2206 | D:4      | Noticed an ogre
  2214 | D:4      | Slain by an ogre

Levels and vault maps discovered:
D:1:      dpeg_arrival_pits, layout_basic
D:2:      layout_basic, basic_altar, serial_shops, shop
D:3:      layout_basic, shapermc_ecumenical_altar_petra
D:4:      kennysheep_six_static_rooms, layout_cave_pools,
          gammafunk_ghost_cemetery, roderic_batcave

Skill      XL: |  1  2  3 |
---------------+----------+-----
Ranged Weapons | 3 4 |  4.5
Fighting       | 2 |  2.1
Armour         | 1 |  1.1
Dodging        | |  2.1
Spellcasting   | |  1.0
Hexes          | |  2.0

Action                     |  1- 3 |  4- 6 || total
---------------------------+-------+-------++-------
   Fire: Sling             |   153 |    15 ||   168
    Use: Scroll            |     4 |       ||     4
         Potion            |       |     1 ||     1
 Armour: Robe              |     7 |       ||     7
         Ring mail         |    33 |     2 ||    35
  Dodge: Dodged            |    47 |     3 ||    50

Table legend:
 A = Non-vault XP
 B = Vault XP
 C = Vault XP percentage of total XP
 D = Non-vault monster count
 E = Vault monster count
 F = Vault count percentage of total count
                 A         B        C        D         E       F
            +---------+---------+-------+---------+---------+-------
      Total |     117 |       0 |   0.0 |      50 |       0 |   0.0
            +---------+---------+-------+---------+---------+-------
        D:1 |      33 |       0 |   0.0 |      18 |       0 |   0.0
        D:2 |      19 |       0 |   0.0 |      11 |       0 |   0.0
        D:3 |      64 |       0 |   0.0 |      20 |       0 |   0.0
        D:4 |       1 |       0 |   0.0 |       1 |       0 |   0.0
            +---------+---------+-------+---------+---------+-------
